 Dungeon Crawl Stone Soup version 0.27.1-1-g398f81649c (webtiles) character file.

Game seed: 2418477051095721422

338 Metae the Skirmisher (level 6, -5/50 HPs)
             Began as a Minotaur Fighter on Sept 18, 2021.
             Was an Initiate of Okawaru.
             Killed from afar by Blork the orc (12 damage)
             ... with a puff of frost
             ... on level 4 of the Dungeon.
             The game lasted 00:14:05 (4236 turns).

Metae the Skirmisher (Minotaur Fighter)             Turns: 4236, Time: 00:14:06

Health: -5/50      AC:  0    Str: 22 (23) XL:     6   Next: 29%
Magic:  3/5        EV: 20    Int:  4 (5)  God:    Okawaru [......]
Gold:   96         SH:  0    Dex: 12 (14) Spells: 5/5 levels left

rFire    . . .     SeeInvis .     - Unarmed
rCold    . . .     Faith    .   (shield currently unavailable)
rNeg     . . .     Spirit   .   (armour currently unavailable)
rPois    .         Reflect  .   (helmet currently unavailable)
rElec    .         Harm     .   (cloak currently unavailable)
rCorr    .         Rampage  .   (gloves currently unavailable)
Will     .....                  (boots currently unavailable)
Stlth    +++.......             (no amulet)
HPRegen  0.16/turn              (ring currently unavailable)
MPRegen  0.09/turn              (ring currently unavailable)

@: lethally poisoned (-5 -> -6), bat-form (expiring), heroic, flying, very
slightly contaminated, invisible (expiring), very quick
A: fast, flying, no casting, tiny, (horns 2), (retaliatory headbutt), (beak),
frail 1, MP-powered wands
a: Renounce Religion


You were on level 4 of the Dungeon.
You worshipped Okawaru.
Okawaru was noncommittal.
You were a bat.
You visited 1 branch of the dungeon, and saw 5 of its levels.

You collected 187 gold pieces.
You spent 91 gold pieces at shops.

Inventory:

Hand Weapons
 a - a +0 trident
 k - a +1 falchion of holy wrath
 t - a +1 trident of venom (melded)
Armour
 b - a +0 scale mail (melded)
 c - a +0 kite shield (melded)
 g - a scarf of repulsion
 n - a +0 cloak of poison resistance (melded)
Jewellery
 l - a ring of positive energy (melded)
Scrolls
 f - 7 scrolls of identify {unknown}
 h - a scroll of torment {unknown}
 i - 2 scrolls of enchant weapon {unknown}
 j - a scroll of enchant armour {unknown}
 m - 2 scrolls of fear {unknown}
 o - 2 scrolls of fog {unknown}
 q - a scroll of amnesia {unknown}
Potions
 d - 2 potions of might
 r - a potion of curing


   Skills:
 + Level 5.2(10.2) Fighting
 + Level 4.4(9.4) Polearms
 + Level 5.1(10.1) Armour
 + Level 5.2(10.2) Shields
 + Level 1.0 Invocations


You had 5 spell levels left.
You didn't know any spells.
Your spell library was empty.

Dungeon Overview and Level Annotations

Branches:
Dungeon (5/15)
 Temple: D:4-7

Altars:
Cheibriados
Fedhas
Okawaru
Ru
Trog
Uskayaw

Shops:
D:4 (:*!

Annotations:
D:4 Blork the orc
D:5 Dowan, Duvessa


Innate Abilities, Weirdness & Mutations

You are a bat.
You are tiny and dextrous.
You move quickly.
You are flying.
Your equipment is almost entirely melded.
You are incapable of wielding weapons or throwing items.
You cannot cast spells.
((You have a pair of horns on your head.))
((You reflexively headbutt those who attack you in melee.))
((You have a beak for a mouth.))
You are frail. (-10% HP)
You expend magic power (3 MP) to strengthen your wands.


Message History

The adder closely misses you.
Blork the orc gestures at you while chanting.
The puff of flame misses you.
You bump into the rock wall.
Blork the orc barely misses you. The adder closely misses you.
You hit the adder.
The adder is heavily wounded.
Your transformation is almost over.
Blork the orc zaps a wand.
You resist with some effort. The adder barely misses you.
Blork the orc zaps a wand.
You resist with some effort.
You bump into the rock wall.
The adder bites you.
You are poisoned.
The adder poisons you! Blork the orc misses you. The adder misses you.
You hit Blork the orc.
Blork the orc is lightly wounded.
You feel sick. Blork the orc hits you with a +0 mace! The adder misses you.
Blork the orc misses you.
You hit the adder.
The adder is severely wounded.
You feel sick.
Blork the orc zaps a wand.
The adder evaporates and reforms as a river rat!
You're too confused to move!
You feel less invigorated.
You feel less confused.
You feel sick.
Blork the orc gestures at you while chanting.
The magic dart hits you! The river rat bites you.
You gain the combat prowess of a mighty hero.
You can no longer gain great but temporary skills.
You flicker for a moment.
You feel sick.
Blork the orc suddenly jeers.
Blork the orc completely misses you. Blork the orc misses you.
The river rat bites you!
* * * LOW HITPOINT WARNING * * *
You hit the river rat but do no damage.
You feel sick.
You hit the river rat but do no damage.
You feel sick.
Blork the orc gestures at you while chanting.
The puff of frost hits you!
You die...

#.♣## #....#.# #.#
#.##.#.# #.#####.##.#.#
#.......##.#.#
###########.#.#
.........[..#.####
##..........#....#
##..........####r#
##..........####b#
''.............o>#
.#..........######
.≈♣.........#
≈≈♣♣.....)..##############
.P♣♣.....................#
≈♣♣........#############.#
≈≈♣♣♣♣♣......# #.#
.≈P♣≈≈♣......# #.#


You could see Blork the orc (fast) and a river rat.

Vanquished Creatures
  An orc priest (D:4)
  Crazy Yiuf (D:3)
  A gnoll shaman (D:4)
  An iguana (D:4)
  Terence (D:2)
  A killer bee zombie (D:3)
  8 gnolls
  An adder (D:2)
  An adder skeleton (D:4)
  A worm (D:2)
  A dart slug (D:1)
  7 orcs
  8 ball pythons
  8 endoplasms
  3 giant cockroaches
  A goblin (D:1)
  6 hobgoblins
  10 jackals
  2 quokkas
  6 bats
  4 frilled lizards
  9 kobolds
  6 rats
88 creatures vanquished.

Vanquished Creatures (others)
  5 plants (D:2)
5 creatures vanquished.

Grand Total: 93 creatures vanquished

Notes
Turn   | Place    | Note
-------+----------+-------------------------------------------
     0 | D:1      | Metae the Minotaur Fighter began the quest for the Orb.
     0 | D:1      | Reached XP level 1. HP: 19/19 MP: 0/0
   349 | D:1      | Found a faded altar of an unknown god.
   396 | D:1      | You fall into a shaft and drop 1 floor!
   446 | D:2      | Reached XP level 2. HP: 20/27 MP: 1/1
  1021 | D:1      | Reached XP level 3. HP: 33/33 MP: 2/2
  1444 | D:2      | Noticed Terence
  1465 | D:2      | Killed Terence
  1466 | D:2      | Reached XP level 4. HP: 22/41 MP: 3/3
  1817 | D:2      | You fall into a shaft and drop 1 floor!
  1822 | D:3      | Found a hide-covered altar of Uskayaw.
  2085 | D:3      | Found a sacrificial altar of Ru.
  2304 | D:3      | Found a bloodstained altar of Trog.
  2310 | D:3      | Found a snail-covered altar of Cheibriados.
  2316 | D:3      | Found an iron altar of Okawaru.
  2322 | D:3      | Became a worshipper of Warmaster Okawaru
  2398 | D:3      | Found a runed translucent door.
  2399 | D:3      | Noticed Crazy Yiuf
  2603 | D:3      | Killed Crazy Yiuf
  2604 | D:3      | Reached XP level 5. HP: 28/47 MP: 4/4
  2844 | D:4      | Found the +3 robe of Clouds {+Thunder rCloud rElec}
  2885 | D:4      | Reached skill level 5 in Fighting
  2896 | D:4      | Reached skill level 5 in Shields
  3270 | D:4      | Reached skill level 5 in Armour
  3358 | D:4      | Found Cateuca's Book Shop.
  3406 | D:4      | Found a blossoming altar of Fedhas.
  3434 | D:4      | Found Xatonteq's Assorted Antiques.
  3447 | D:4      | Found Fapsount's Antique Weapon Emporium.
  3625 | D:4      | Found Futyr's Distillery.
  3634 | D:4      | Bought a potion of curing for 39 gold pieces
  3634 | D:4      | Bought a potion of might for 52 gold pieces
  3694 | D:4      | Reached XP level 6. HP: 56/56 MP: 5/5
  3712 | D:4      | Reached * piety under Okawaru
  3715 | D:4      | Reached skill level 1 in Invocations
  4148 | D:5      | Entered Level 5 of the Dungeon
  4148 | D:5      | Noticed Duvessa
  4148 | D:5      | Noticed Dowan
  4148 | D:5      | Noticed an orc warrior
  4206 | D:5      | Noticed Blork the orc
  4222 | D:4      | Gained mutation: You are frail. (-10% HP) [potion of
                  | mutation]
  4222 | D:4      | Gained mutation: You expend magic power (3 MP) to
                  | strengthen your wands. [potion of mutation]
  4222 | D:4      | Gained mutation: You have a beak for a mouth. [potion of
                  | mutation]
  4236 | D:4      | Killed from afar by Blork the orc

Illustrated notes

Levels and vault maps discovered:
D:1:      pf_arrival_petrified_forest, layout_loops_cross,
          dreamdust_ecumenical_altar_statues, amcnicky_mini_pool_small,
          bh_walls_and_bars
D:2:      layout_loops_ring, serial_bayou, serial_bayou_pond_c,
          serial_bayou_pond_d, serial_bayou_shore_b, serial_bayou_pond_a,
          serial_bayou_ford_a, serial_bayou_pond_c, hangedman_decor_peaks_small,
          minmay_bisected, uniq_terence
D:3:      layout_rooms, nicolae_ru_awakened_eye, minitemple,
          uniq_crazy_yiuf_cottage
D:4:      layout_basic, mainiacjoe_overflow_alcove_4, serial_shops,
          nicolae_square_shop, nicolae_shop_trees, shop_statue, shop_fountains,
          serial_bayou_crossing
D:5:      minmay_octagon_keep, layout_basic, nicolae_dithmenos_shadow_blocks,
          minmay_temple_entry_antechambers, serial_park_tiny_pond,
          uniq_blork_the_orc, uniq_prince_ribbit1, uniq_duvessa, uniq_ijyb

Skill      XL: |  1  2  3  4  5  6 |
---------------+-------------------+-----
Fighting       | 4 5 |  5.2
Armour         | 4 5 |  5.1
Shields        | 4 5 |  5.2
Polearms       | 3 4 |  4.4
Invocations    | 1 |  1.0

Action                   |  1- 3 |  4- 6 || total
-------------------------+-------+-------++-------
Melee: Trident           |    97 |   133 ||   230
       Headbutt          |    14 |    23 ||    37
       Unarmed           |       |    15 ||    15
Invok: Heroism           |       |     1 ||     1
  Use: Potion            |     1 |     4 ||     5
Armor: Scale mail        |    33 |    66 ||    99
Dodge: Dodged            |    31 |    84 ||   115
Block: Kite shield       |    44 |    89 ||   133
